 Dungeon Crawl Stone Soup version 0.28-a0-1555-g9ae15a6949 (webtiles) character file.

Game seed: 17611658819169583621

63 hashsling the Grave Robber (level 4, 0/33 HPs)
             Began as a Ghoul Necromancer on Jan 18, 2022.
             Slain by a scorpion (2 damage)
             ... on level 2 of the Dungeon.
             The game lasted 00:05:43 (1562 turns).

hashsling the Grave Robber (Ghoul Necromancer)      Turns: 1562, Time: 00:05:43

Health: 0/33       AC:  2    Str: 11    XL:     4   Next: 10%
Magic:  0/6        EV: 12    Int: 12    God:
Gold:   70         SH:  0    Dex:  9    Spells: 2/7 levels left

rFire   . . .      SeeInvis .   d - +0 short sword
rCold   + . .      Faith    .   (no shield)
rNeg    + + +      Spirit   .   a - +0 robe
rPois   ∞          Reflect  .   (no helmet)
rElec   .          Harm     .   (no cloak)
rCorr   .          Rampage  .   (no gloves)
Will    .....                   (no boots)
Stlth   ++........              (no amulet)
HPRegen 0.00/turn               (no ring)
MPRegen 0.10/turn               (no ring)

@: inhibited regen
A: claws 1, cold resistance 1, negative energy resistance 3, inhibited
regeneration, torment resistance 2
a: no special abilities


You were on level 2 of the Dungeon.
You visited 1 branch of the dungeon, and saw 2 of its levels.

You collected 70 gold pieces.

Inventory:

Hand Weapons
 d - a +0 short sword (weapon)
Missiles
 c - 2 boomerangs of dispersal
Armour
 a - a +0 robe (worn)
Jewellery
 e - a ring of fire
Potions
 b - a potion of curing {unknown}


   Skills:
 + Level 2.6 Dodging
 - Level 2.1 Stealth
 + Level 2.4 Spellcasting
 + Level 4.5 Necromancy


You had 2 spell levels left.
You knew the following spells:

 Your Spells              Type           Power      Damage    Failure   Level
a - Pain                  Necr           48%        1d6       4%          1
b - Animate Skeleton      Necr           24%        N/A       4%          1
c - Vampiric Draining     Necr           12%        2d6       12%         3

Your spell library contained the following spells:

 Spells                   Type           Power      Damage    Failure   Level
 Animate Dead             Necr           6%         N/A       36%         4
 Call Canine Familiar     Summ           1%         N/A       61%         3
 Portal Projectile        Hex/Tloc       2%         N/A       61%         3
 Agony                    Necr           12%        N/A       73%         5
 Leda's Liquefaction      Hex/Erth       0%         N/A       95%         4


Dungeon Overview and Level Annotations

Branches:
Dungeon (2/15)

Altars:


Innate Abilities, Weirdness & Mutations

You thrive by killing the living.
You are immune to poison.
You have sharp fingernails.
Your flesh is cold resistant. (rC+)
You are immune to negative energy. (rN+++)
You do not regenerate when monsters are visible.
You are immune to unholy pain and torment.


Message History

The scorpion stings you.
Your magical contamination has completely faded away.
Casting: Animate Skeleton (safe; 4% risk of failure)
Confirm with . or Enter, or press ? or * to list all spells.
Aiming: Pain (safe; 4% risk of failure)
Press: ? - help, Shift-Dir - straight line, f - scorpion
Aim: a scorpion (ally target, chance to affect: 67%)
The scorpion struggles to resist.
The scorpion stings you.
Something bites your ball python skeleton.
You barely miss the scorpion. The scorpion stings you!
* * * LOW HITPOINT WARNING * * *
The scorpion closely misses you.
You closely miss the scorpion.
Your ball python skeleton bites the scorpion but does no damage.
Your ball python skeleton grabs the scorpion.
Your ball python skeleton constricts the scorpion.
The scorpion closely misses you.
The giant cockroach barely misses your ball python skeleton.
You hit the scorpion but do no damage. The scorpion barely misses you.
Your ball python skeleton bites the scorpion but does no damage.
Your ball python skeleton constricts the scorpion.
The giant cockroach bites your ball python skeleton.
Your ball python skeleton is destroyed!
You hit the scorpion.
The scorpion is lightly wounded.
The scorpion barely misses you. x2
You hit the scorpion.
The scorpion is moderately wounded.
The scorpion closely misses you. The giant cockroach bites you.
* * * LOW HITPOINT WARNING * * *
Casting: Pain (safe; 4% risk of failure)
Confirm with . or Enter, or press ? or * to list all spells.
Aiming: Pain (safe; 4% risk of failure)
Press: ? - help, Shift-Dir - straight line, f/p - scorpion
Aim: a scorpion (moderately wounded, chance to affect: 67%)
The scorpion writhes in agony.
The scorpion barely misses you. The giant cockroach misses you.
Unknown command.
The scorpion stings you.
You die...

###########
#.........#
#######.#####(#.##
#####............###.#
................@.#†##
.####.#####.#####s..#
## #.# #.# #B..#
#####.#####.#####...#
...............##...#
#####.##............##
#.##.#####.##....##
#<#.....#Z........#
#.. #.B.###....##


You could see a scorpion and a giant cockroach.

Vanquished Creatures
  An adder (D:2)
  A worm (D:2)
  A dart slug (D:2)
  3 ball pythons
  6 bats
  6 endoplasms
  3 giant cockroaches
  4 goblins (D:2)
  3 hobgoblins
  3 jackals (D:2)
  2 quokkas
  4 frilled lizards
  2 kobolds (D:2)
  3 rats (D:1)
42 creatures vanquished.

Vanquished Creatures (collateral kills)
  A hobgoblin (D:2)
1 creature vanquished.

Grand Total: 43 creatures vanquished

Notes
Turn   | Place    | Note
-------+----------+-------------------------------------------
     0 | D:1      | hashsling the Ghoul Necromancer began the quest for the
                  | Orb.
     0 | D:1      | Reached XP level 1. HP: 14/14 MP: 2/2
    69 | D:1      | Learned a level 1 spell: Animate Skeleton
   183 | D:1      | Reached XP level 2. HP: 18/20 MP: 0/4
   277 | D:1      | Found a faded altar of an unknown god.
   861 | D:1      | Reached XP level 3. HP: 26/26 MP: 5/5
  1358 | D:2      | Learned a level 3 spell: Vampiric Draining
  1513 | D:2      | Reached XP level 4. HP: 21/33 MP: 1/6
  1540 | D:2      | Noticed a scorpion
  1562 | D:2      | Slain by a scorpion

Illustrated notes

Levels and vault maps discovered:
D:1:      psy_arrival_statuary, layout_basic, chequers_ecumenical_altar_twisty
D:2:      layout_loops_ring, minmay_three_crescents

Skill      XL: |  1 |
---------------+----+-----
Dodging        | 2 |  2.6
Spellcasting   | 2 |  2.4
Stealth        | |  2.1
Necromancy     | |  4.5

Action                   |  1- 3 |  4- 6 || total
-------------------------+-------+-------++-------
Melee: Unarmed           |    44 |       ||    44
       Punch             |     1 |       ||     1
       Short sword       |    26 |    13 ||    39
 Cast: Pain              |    62 |     2 ||    64
       Animate Skeleton  |     1 |     3 ||     4
Armor: Robe              |    17 |     6 ||    23
Dodge: Dodged            |    54 |    22 ||    76

Table legend: (Time is in decaauts)
 A = Elapsed time spent in this place.
 B = Non-inter-level travel time spent in this place.
 C = Inter-level travel time spent in this place.
 D = Time resting spent in this place.
 E = Time spent auto-exploring this place.
 F = Levels seen in this place.
 G = Mean time per level.
                   A        B        C        D        E       F      G
               +--------+--------+--------+--------+--------+-----+--------+
         Total |   1565 |   1558 |      7 |      0 |   1248 |   2 |  782.5 |
       Dungeon |   1565 |   1558 |      7 |      0 |   1248 |   2 |  782.5 |
               +--------+--------+--------+--------+--------+-----+--------+

Top non-repeatable levels by time:
     D:1: 914 daAuts
     D:2: 651 daAuts
